 Dungeon Crawl Stone Soup version 0.19-a0-994-g3c636f0 (webtiles) character file.

1253 mrath the Digger (level 8, 0/44 HPs)
             Began as a Gargoyle Earth Elementalist on July 18, 2016.
             Was a Follower of Vehumet.
             Slain by an orc priest
             ... wielding a +2 short sword of holy wrath
              (2 damage)
             ... on level 6 of the Dungeon.
             The game lasted 00:49:28 (8095 turns).

mrath the Digger (Gargoyle Earth Elementalist)      Turns: 8095, Time: 00:49:29

Health: 0/44       AC: 10    Str: 13    XL:     8   Next: 51%
Magic:  5/17       EV: 16    Int: 17    God:    Vehumet [*.....]
Gold:   277        SH:  0    Dex: 10    Spells: 3 memorised, 10 levels left

rFire  . . .     SeeInvis .     x - +0 morningstar
rCold  . . .     Gourm    .     c - +1 robe
rNeg   + . .     Faith    .     (no shield)
rPois  ∞         Spirit   .     (no helmet)
rElec  +         Dismiss  .     (no cloak)
rCorr  .         Reflect  .     r - +0 pair of gloves
SustAt .         Harm     .     z - +0 pair of boots
MR     .....                    (no amulet)
Stlth  ++........               f - +4 ring of evasion
                                q - ring of flight

@: very slightly contaminated, not resistant to hostile enchantments, unstealthy
A: negative energy resistance 1, electricity resistance, unbreathing,
petrification resistance, rot immunity, AC +5
a: Renounce Religion, Evoke Flight


You were on level 6 of the Dungeon.
You worshipped Vehumet.
Vehumet was aware of your devotion.
You were hungry.

You visited 2 branches of the dungeon, and saw 7 of its levels.

You collected 277 gold pieces.

Inventory:

Hand Weapons
 w - a +0 hunting sling
 x - a +0 morningstar (weapon)
Missiles
 b - 142 stones (quivered)
Armour
 c - a +1 robe (worn)
 l - a +0 buckler
 r - a +0 pair of gloves (worn)
 z - a +0 pair of boots (worn)
 A - a +0 leather armour of fire resistance
Jewellery
 f - a +4 ring of evasion (right hand)
 q - a ring of flight (left hand)
Wands
 s - a wand of slowing (48/48)
Scrolls
 j - 2 scrolls of remove curse
 k - 2 scrolls of blinking
 m - 11 scrolls of identify
 y - a scroll of enchant weapon {unknown}
 B - a scroll of acquirement {unknown}
Potions
 a - 2 potions of magic {unknown}
 g - a potion of degeneration {unknown}
 n - a potion of flight {unknown}
 o - a potion of brilliance {unknown}
 p - a potion of berserk rage {unknown}
 u - a potion of heal wounds {unknown}
 v - a potion of resistance {unknown}
Books
 e - a book of Geomancy

   Spells                             Type                      Level
   a - Sandblast                      Earth                        1
   b - Passwall                       Transmutation/Earth          2
   c - Stone Arrow                    Conjuration/Earth            3
   d - Petrify                        Transmutation/Earth          4
   e - Lee's Rapid Deconstruction     Earth                        5
Comestibles
 d - 4 bread rations
 h - 2 meat rations
 t - 3 slices of pizza


   Skills:
 + Level 2.0 Fighting
 + Level 2.1 Maces & Flails
 + Level 1.9 Armour
 + Level 2.3 Dodging
 - Level 2.1 Stealth
 * Level 6.0 Spellcasting
 + Level 3.7 Conjurations
   Level 0.7 Transmutations
 + Level 6.5 Earth Magic
 + Level 1.8 Evocations


You had 10 spell levels left.
You knew the following spells:

 Your Spells              Type           Power        Failure   Level  Hunger
a - Sandblast             Erth           ####..       1%          1    None
b - Stone Arrow           Conj/Erth      ###...       6%          3    ##.....
c - Lee's Rapid Deconstr  Erth           ####......   24%         5    #####..


Dungeon Overview and Level Annotations

Branches:
Dungeon (6/15)             Temple (1/1) D:5

Altars:
Ashenzari
Dithmenos
Elyvilon
Gozag
Hepliaklqana
Nemelex Xobeh
Pakellas
Qazlal
Ru
Sif Muna
Uskayaw
Vehumet
Xom
The Shining One

Annotations:
D:3 Amnesiac's ghost, amateur OgNe
D:4 mistymad's ghost, amateur MfMo
D:5 Prince Ribbit


Innate Abilities, Weirdness & Mutations

You are resistant to torment.
Your stone body is resilient. (AC +5)
You are immune to poison.
You resist negative energy. (rN+)
You are resistant to electric shocks. (rElec)
You can survive without breathing.
You are immune to petrification.
You are immune to rotting.


Message History

The orc wizard blinks!
The orc priest mumbles some strange prayers to Beogh against you.
Pain shoots through your body!
* * * LOW HITPOINT WARNING * * *
Casting: Stone Arrow
Confirm with . or Enter, or press ? or * to list all spells.
Aiming: Stone Arrow
Press: ? - help, Shift-Dir - straight line, f/p - orc priest
Aim: an orc priest, wielding a short sword of holy wrath The stone arrow hits the orc priest.
The orc priest is almost dead.
The orc priest casts a cantrip, but nothing happens.
You barely miss the orc priest.
The orc priest is almost dead.
You feel yourself speed up. The orc priest completely misses you.
The orc wizard casts a spell.
The orc wizard blinks!
The orc priest hits you with a short sword of holy wrath.
You die...

#############.##
#.##########...............
#............############.#
[...........### #.#
##.########.# #.# #§# #.#
#.# #.# #o##### #.#
#@#...##########.#
######.#..............#
#.....o.....###########
............................
....................########
>...##.#.##..#.#.##.# # ##.
#.#.##..#.#.##.# # ..
#.#.##....#.##.# ### .
#.#.###.###<##.# #<.


You could see an orc priest and an orc wizard.

Vanquished Creatures
  2 ice beasts
  2 sky beasts (D:5)
  3 ogres
  A centaur (D:5)
  2 giant frogs
  A howler monkey (D:4)
  A jelly (D:4)
  An orc priest (D:4)
  2 hounds (D:4)
  2 orc wizards
  5 adders
  2 shadow imps (D:5)
  An ooze (Temple)
  2 worms (D:2)
  2 dart slugs
  4 giant geckos
  21 orcs
  7 giant cockroaches
  11 goblins
  6 hobgoblins
  13 jackals
  3 quokkas (D:4)
  A ball python (D:1)
  7 bats
  5 giant newts
  A jackal zombie (D:5)
  6 kobolds
  A quokka zombie (D:5)
  9 rats
124 creatures vanquished.

Notes
Turn   | Place    | Note
-------+----------+-------------------------------------------
     0 | D:1      | mrath the Gargoyle Earth Elementalist began the quest for the Orb.
     0 | D:1      | Reached XP level 1. HP: 10/10 MP: 3/3
   527 | D:1      | Reached XP level 2. HP: 15/15 MP: 3/5
  1225 | D:2      | Reached XP level 3. HP: 19/19 MP: 2/7
  1313 | D:2      | Found a shadowy altar of Dithmenos.
  1582 | D:2      | Noticed a fire elemental
  1584 | D:2      | Found a stormy altar of Qazlal.
  1585 | D:2      | Noticed an air elemental
  1585 | D:2      | Noticed an earth elemental
  1585 | D:2      | Noticed a water elemental
  1607 | D:2      | Found a shattered altar of Ashenzari.
  1824 | D:2      | Found a hazy altar of Hepliaklqana.
  1904 | D:2      | Learned a level 3 spell: Stone Arrow
  1989 | D:2      | Reached XP level 4. HP: 24/24 MP: 3/9
  2760 | D:3      | Reached skill level 1 in Conjurations
  2894 | D:3      | Noticed Amnesiac's ghost (amateur OgNe)
  3723 | D:3      | HP: 1/24 [Amnesiac's ghost/nerve-wracking pain (11)]
  4121 | D:4      | Found a glowing golden altar of the Shining One.
  4168 | D:4      | Reached XP level 5. HP: 28/28 MP: 2/10
  4371 | D:4      | Reached skill level 5 in Earth Magic
  4537 | D:4      | Noticed mistymad's ghost (amateur MfMo)
  4560 | D:4      | Reached XP level 6. HP: 25/32 MP: 9/12
  4986 | D:3      | Found a white marble altar of Elyvilon.
  5340 | D:5      | Entered Level 5 of the Dungeon
  5436 | D:5      | Reached skill level 5 in Spellcasting
  5520 | D:5      | Found a staircase to the Ecumenical Temple.
  5529 | Temple   | Entered the Ecumenical Temple
  5548 | Temple   | Became a worshipper of Vehumet
  5567 | Temple   | Learned a level 5 spell: Lee's Rapid Deconstruction
  5738 | D:5      | Noticed a sky beast
  5797 | D:5      | Killed a sky beast
  5797 | D:5      | Reached XP level 7. HP: 35/36 MP: 1/14
  6239 | D:5      | Noticed Prince Ribbit
  6646 | D:5      | Reached skill level 1 in Fighting
  6869 | D:4      | Reached skill level 1 in Evocations
  6942 | D:5      | Reached skill level 1 in Maces & Flails
  6942 | D:5      | Reached skill level 1 in Armour
  6942 | D:5      | Reached XP level 8. HP: 40/43 MP: 3/16
  7426 | D:6      | Reached * piety under Vehumet
  7426 | D:6      | Offered knowledge of Freeze by Vehumet.
  8093 | D:6      | HP: 1/44 [orc priest/nerve-wracking pain (5)]
  8095 | D:6      | Slain by an orc priest

Vault maps used:
D:1:      saegor_arrival_simple_b
D:2:      lemuel_round_altar, overflow_temple_1_default,
          lemuel_coloured_pillars_altar, nicolae_qazlal_style_of_elements,
          first_bread
D:3:      lemuel_upstairs_altar, uniq_sigmund
D:4:      tso_oasis_becter
D:5:      uniq_prince_ribbit1
D:6:      nicolae_overflow_crystal_walls
Temple:   nicolae_temple_great_sept

Skill      XL: |  1  2  3  4  5  6  7  8 |
---------------+-------------------------+-----
Earth Magic    | 4 5 6 |  6.5
Spellcasting   | 3 4 5 6 |  6.0
Conjurations   | 1 2 3 |  3.7
Fighting       | 1 2 |  2.0
Evocations     | 1 |  1.8
Maces & Flails | 1 2 |  2.1
Armour         | 1 |  1.9
Dodging        | 2 |  2.3
Stealth        | |  2.1
Transmutations | |  0.7

Action                   |  1- 3 |  4- 6 |  7- 9 || total
-------------------------+-------+-------+-------++-------
Melee: Hand axe          |    81 |    54 |       ||   135
       Morningstar       |       |    82 |    25 ||   107
 Cast: Sandblast         |    41 |    62 |     5 ||   108
       Stone Arrow       |       |    21 |    51 ||    72
  Use: Scroll            |       |     6 |     1 ||     7
 Stab: Sleeping          |     2 |     4 |       ||     6
  Eat: Chunk             |     4 |     8 |     5 ||    17
       Fruit             |       |     1 |       ||     1
       Bread ration      |       |     1 |     1 ||     2
Armor: Robe              |    37 |    71 |    16 ||   124
Dodge: Dodged            |    67 |   202 |    41 ||   310
